 Dungeon Crawl Stone Soup version 0.27-a0-1149-g4505690ab0 (webtiles) character file.

Game seed: 15995626604206175853

51 Sobieck the Chopper (level 4, -10/35 HPs)
             Began as a Formicid Fighter on May 13, 2021.
             Mangled by Pikel
             ... wielding a +2 whip of electrocution
              (18 damage)
             ... on level 3 of the Dungeon.
             The game lasted 00:01:30 (703 turns).

Sobieck the Chopper (Formicid Fighter)               Turns: 703, Time: 00:01:30

Health: -10/35     AC:  6    Str: 21    XL:     4   Next: 5%
Magic:  4/4        EV:  8    Int:  8    God:
Gold:   21         SH:  9    Dex: 10    Spells: 3/3 levels left

rFire    . . .     SeeInvis +   a - +0 war axe {axe}
rCold    . . .     Faith    .   c - +0 kite shield
rNeg     . . .     Spirit   .   b - +0 scale mail
rPois    .         Reflect  .   (helmet unavailable)
rElec    .         Harm     .   (no cloak)
rCorr    .         Rampage  .   (no gloves)
Will     .....                  (no boots)
Stlth    ..........             (no amulet)
HPRegen  0.11/turn              (no ring)
MPRegen  0.09/turn              (no ring)

@: no status effects
A: permanent stasis, dig shafts and tunnels, antennae 3, four strong arms
a: Dig, Shaft Self


You were on level 3 of the Dungeon.
You visited 1 branch of the dungeon, and saw 4 of its levels.

You collected 21 gold pieces.


Innate Abilities, Weirdness & Mutations

You cannot be hasted, slowed, berserked, paralysed or teleported.
You can dig through walls and to a lower floor.
You have a pair of large antennae on your head. (SInv)
Your four strong arms can wield two-handed weapons with a shield.


   Skills:
 - Level 3.2 Fighting
 + Level 4.0 Axes
 - Level 3.2 Armour
 - Level 3.6 Shields


You had 3 spell levels left.
You didn't know any spells.
Your spell library contained the following spells:

 Spells                   Type           Power      Damage    Failure   Level
 Animate Skeleton         Necr           0%         N/A       98%         1
 Pain                     Necr           0%         1d4       98%         1
 Vampiric Draining        Necr           0%         2d6       100%        3
 Animate Dead             Necr           0%         N/A       100%        4
 Agony                    Necr           0%         N/A       100%        5

Inventory:

Hand Weapons
 a - a +0 war axe (weapon) {axe}
Missiles
 h - 5 poisoned darts (quivered) {throwing}
Armour
 b - a +0 scale mail (worn)
 c - a +0 kite shield (worn)
Scrolls
 e - a scroll of fear {unknown}
 f - 2 scrolls of immolation {unknown}
 g - 3 scrolls of identify {unknown}
 i - a scroll of magic mapping {unknown}
Potions
 d - a potion of might

Dungeon Overview and Level Annotations

Branches:
Dungeon (4/15)
 Temple: D:4-7

Altars:

Annotations:
D:3 1 transporter, Pikel

####### ..##@## #.###K#
###.##{## #....5..#
#.#..#### ##. #.#>## #..
##.#####.#.##### #..
.........#.. ..# #.#
#######..#####.#####.#####


You could see Pikel.


Message History

You see here a worm corpse.
You pick up a book of Necromancy and begin reading...
You add the spells Pain, Animate Skeleton, Vampiric Draining, Animate Dead and Agony to your library. 😕 HP[+1]
There is a stone staircase leading down here.
You start resting. 😎 HP[+2]
Your hp is fully restored (29).
f - 2 scrolls labelled HYTWOU TUHU (gained 1)
A bat comes into view.
You slash the bat!
You kill the bat!
Your Axes skill increases to level 4!
You have reached level 4!
You feel clever. 😎 HP[+6] MP[+1]
You now have 35 max hp (+6).
Your hp is fully restored (35).
Your mp is fully restored (4).
There is a stone staircase leading down here.
A hobgoblin comes into view.
The hobgoblin closely misses you.
You closely miss the hobgoblin. You block the hobgoblin's attack.
You slash the hobgoblin!
You kill the hobgoblin!
h - 5 poisoned darts {throwing}
Okay, then.
There is a stone staircase leading down here.
You climb downwards.
A frilled lizard and a rat come into view.
The frilled lizard hisses angrily.
Found an escape hatch in the floor.
There is a stone staircase leading up here.
You miss the frilled lizard. You block the frilled lizard's attack.
The frilled lizard closely misses you.
You closely miss the frilled lizard. You closely miss the rat.
The rat bites you.
You block the frilled lizard's attack. 😕 HP[-3]
You take 3 damage, and now have 32/35 hp.
You miss the frilled lizard. You hit the rat.
You kill the rat!
You block the frilled lizard's attack.
The frilled lizard bites you but does no damage.
You hit the frilled lizard.
You kill the frilled lizard!
No target in view!
No target in view! 😕 HP[+1]
i - a scroll labelled RAGILO NYMEUFF The shadow imp shouts!
Something shouts, "Back with thee, thou reeling-ripe idle-headed tiler!"
The shadow imp shouts!
The orc priest shouts!
Something shouts, "Scamper home, thou peeagling fob-snatching dandiprat!"
You now have 21 gold pieces (gained 9). 😕 HP[+1]
The orc priest shouts!
The shadow imp shouts, "Surrender, thou feckless dread-bolted bootlicker!"
Found a stone staircase leading down. 😎 HP[+1]
Your hp is fully restored (35).
(D) Dungeon
Where to? (Enter - D:2, ? - help)
There is a stone staircase leading down here.
You climb downwards.
You hear the sound of rushing water.
There is an entrance to a sewer on this level.
Hurry and find it before the portal rusts away!
An iguana, 4 lemures and Pikel come into view.
Pikel is wielding a +2 whip of electrocution.
The lemure shouts! x3; The iguana hisses angrily.
There is a stone staircase leading up here.
Pikel hits you with a +2 whip of electrocution!
The lemure hits you!
You climb upwards.
Level annotation: 1 transporter
There is a stone staircase leading down here. 😮 HP[-14]
You take 14 damage, and now have 21/35 hp.
MASSIVE DAMAGE!! (PAUSE)
You extend your mandibles.
You dig through the rock wall.
The lemure hits you.
* * * LOW HITPOINT WARNING * * *
😨 HP[-5]
You take 5 damage, and now have 16/35 hp.
You retract your mandibles.
Unknown command.
You extend your mandibles.
You dig through the rock wall.
You dig through the rock wall.
You dig through the rock wall.
You retract your mandibles.
You closely miss Pikel.
Pikel hits you with a +2 whip of electrocution.
* * * LOW HITPOINT WARNING * * *
You block Pikel's attack. 😨 HP[-3]
You take 3 damage, and now have 13/35 hp.
You closely miss Pikel.
Pikel hits you with a +2 whip of electrocution.
* * * LOW HITPOINT WARNING * * *
You are electrocuted!!
Ouch! That really hurt!
You die...

Skill      XL: |  1  2  3 |
---------------+----------+-----
Axes           | 3 4 |  4.0
Fighting       | |  3.2
Armour         | |  3.2
Shields        | |  3.6

Action                   |  1- 3 |  4- 6 || total
-------------------------+-------+-------++-------
Melee: War axe           |    46 |     8 ||    54
 Abil: Dig               |       |     2 ||     2
Armor: Scale mail        |    25 |     1 ||    26
Dodge: Dodged            |    12 |     2 ||    14
Block: Kite shield       |    27 |     5 ||    32

Levels and vault maps discovered:
D:1:      minmay_arrival_loop, layout_loops_corners,
          shapermc_ecumenical_altar_mp_ritualfount, dk_noncrumbling_3
D:2:      layout_basic
D:3:      gammafunk_wand_slinger, layout_loops_ring,
          grunt_temple_overflow_growth_and_decay, minmay_misc_feat_roman,
          nrook_mini_vaults, minmay_door_square
D:4:      layout_cave_pools, overflow_temple_1_default, nicolae_ru_awakened_eye,
          gup_sewer_entry_bubbles, minmay_misc_feat_five,
          kennysheep_decorative_pillar, uniq_pikel, uniq_ijyb

Notes
Turn   | Place    | Note
-------+----------+-------------------------------------------
     0 | D:1      | Sobieck the Formicid Fighter began the quest for the Orb.
     0 | D:1      | Reached XP level 1. HP: 18/18 MP: 1/1
     0 | D:1      | magus.rc [v1.9.6]
   357 | D:1      | Reached XP level 2. HP: 24/24 MP: 2/2
   567 | D:2      | Reached skill level 3 in Axes
   567 | D:2      | Reached XP level 3. HP: 25/29 MP: 3/3
   584 | D:2      | You pick up a book of Necromancy and begin reading...
   584 | D:2      | You add the spells Pain, Animate Skeleton, Vampiric
                  | Draining, Animate Dead and Agony to your library.
   616 | D:2      | Reached skill level 4 in Axes
   616 | D:2      | Reached XP level 4. HP: 35/35 MP: 4/4
   668 | D:3      | Found a transporter.
   694 | D:4      | Noticed Pikel
   694 | D:4      | Noticed a lemure
   694 | D:4      | Noticed a lemure
   694 | D:4      | Noticed a lemure
   694 | D:4      | Noticed a lemure
   703 | D:3      | HP: 8/35 [Pikel/+2 whip of electrocution (5)]
   703 | D:3      | Mangled by Pikel

Vanquished Creatures
  A bullfrog zombie (D:2)
  A worm (D:2)
  4 endoplasms (D:1)
  A hobgoblin (D:2)
  A quokka (D:1)
  2 ball pythons (D:1)
  2 bats
  A frilled lizard (D:3)
  2 kobolds
  2 rats
17 creatures vanquished.

Table legend:
 A = Non-vault XP
 B = Vault XP
 C = Vault XP percentage of total XP
 D = Non-vault monster count
 E = Vault monster count
 F = Vault count percentage of total count
                 A         B        C        D         E       F
            +---------+---------+-------+---------+---------+-------
      Total |      73 |       0 |   0.0 |      17 |       0 |   0.0
            +---------+---------+-------+---------+---------+-------
        D:1 |      16 |       0 |   0.0 |      10 |       0 |   0.0
        D:2 |      55 |       0 |   0.0 |       5 |       0 |   0.0
        D:3 |       2 |       0 |   0.0 |       2 |       0 |   0.0
            +---------+---------+-------+---------+---------+-------

Illustrated notes

Table legend:
 A = Kills in this place as a percentage of kills in entire the game.
 B = Kills by you in this place as a percentage of kills by you in the entire game.
 C = Kills by friends in this place as a percentage of kills by friends in the entire game.
 D = Other kills in this place as a percentage of other kills in the entire game.
 E = Experience gained in this place as a percentage of experience gained in the entire game.
 F = Experience gained in this place divided by the number of levels of this place that you have seen.
                   A       B       C       D       E      F
               +-------+-------+-------+-------+-------+----------------------
         Total | 100.0 | 100.0 |   N/A |   N/A | 100.0 |  18.2
       Dungeon | 100.0 | 100.0 |   N/A |   N/A | 100.0 |  18.2
               +-------+-------+-------+-------+-------+----------------------

Table legend: (Time is in decaauts)
 A = Elapsed time spent in this place.
 B = Non-inter-level travel time spent in this place.
 C = Inter-level travel time spent in this place.
 D = Time resting spent in this place.
 E = Time spent auto-exploring this place.
 F = Levels seen in this place.
 G = Mean time per level.
                   A        B        C        D        E       F      G
               +--------+--------+--------+--------+--------+-----+--------+
         Total |    732 |    721 |     11 |     19 |    492 |   4 |  183.0 |
       Dungeon |    732 |    721 |     11 |     19 |    492 |   4 |  183.0 |
               +--------+--------+--------+--------+--------+-----+--------+

Top non-repeatable levels by time:
     D:1: 513 daAuts
     D:2: 168 daAuts
     D:3: 49 daAuts
     D:4: 1 daAuts
